 Dungeon Crawl Stone Soup version 0.25-a0-58-g9dd530fc12 (webtiles) character file.

Game seed: 25504247485137923, levelgen mode: deterministic

106 Granthy the Skirmisher (level 4, -2/35 HPs)
             Began as a Demonspawn Fighter on Oct 25, 2019.
             Slain by an adder (3 damage)
             ... on level 2 of the Dungeon.
             The game lasted 00:04:29 (1221 turns).

Granthy the Skirmisher (Demonspawn Fighter)         Turns: 1221, Time: 00:04:29

Health: -2/35      AC:  6    Str: 18    XL:     4   Next: 55%
Magic:  4/4        EV:  7    Int:  9    God:
Gold:   118        SH:  9    Dex: 12    Spells: 3/3 levels left

rFire    . . .     SeeInvis .   a - +0 trident
rCold    . . .     Gourm    .   c - +0 shield
rNeg     . . .     Faith    .   b - +0 scale mail
rPois    .         Spirit   .   (no helmet)
rElec    .         Reflect  .   (no cloak)
rCorr    .         Harm     .   (no gloves)
MR       .....                  (no boots)
Stlth    +.........             (no amulet)
HPRegen  0.11/turn              s - ring of stealth
MPRegen  0.09/turn              (no ring)

@: lethally poisoned (-2 -> -7)
A: rot immunity
a: no special abilities


You were on level 2 of the Dungeon.
You were not hungry.

You visited 1 branch of the dungeon, and saw 2 of its levels.

You collected 118 gold pieces.

Inventory:

Hand Weapons
 a - a +0 trident (weapon)
Missiles
 k - 38 poisoned darts (quivered)
Armour
 b - a +0 scale mail (worn)
 c - a +0 shield (worn)
Jewellery
 s - a ring of stealth (left hand)
Scrolls
 e - 4 scrolls of identify {unknown}
 h - 2 scrolls of fog {unknown}
 l - a scroll of immolation {unknown}
 n - a scroll of magic mapping {unknown}
 p - a scroll of remove curse {unknown}
 r - a scroll of noise {unknown}
Potions
 d - 2 potions of might
 g - 2 potions of magic {unknown}
 i - 2 potions of degeneration {unknown}
 j - 2 potions of heal wounds {unknown}
 m - a potion of mutation {unknown}
 o - a potion of haste {unknown}
Comestibles
 f - 2 rations
 q - 3 chunks of flesh


   Skills:
 + Level 3.4 Fighting
 + Level 2.7 Polearms
 + Level 3.4 Armour
 + Level 0.7 Dodging
 + Level 3.2 Shields


You had 3 spell levels left.
You didn't know any spells.
Your spell library was empty.

Dungeon Overview and Level Annotations

Branches:
Dungeon (2/15)

Altars:

Annotations:
D:2 Jessica


Innate Abilities, Weirdness & Mutations

You are immune to rotting.


Message History

Your shield and scale mail prevent you from hitting the adder.
The adder is severely wounded.
Jessica is no longer moving quickly.
The adder bites you but does no damage.
You barely miss the adder.
The adder is severely wounded.
* * * LOW HITPOINT WARNING * * *
You feel sick.
The adder bites you but does no damage. x2
You miss the adder.
The adder is severely wounded.
* * * LOW HITPOINT WARNING * * *
You feel sick. The adder bites you but does no damage.
You barely miss the adder.
The adder is severely wounded.
* * * LOW HITPOINT WARNING * * *
You feel sick. You block the adder's attack. The adder barely misses you.
You hit the adder.
The adder is severely wounded.
* * * LOW HITPOINT WARNING * * *
You feel sick. The adder closely misses you. The adder bites you.
You die...

#.####.############......####.#.#
....@............####.#..##...#(#
.##..÷...##.####.# #.#.÷)..###.#
. ##....###.# #.# #...###.# #.# .
##..###..# #.# #.### #.# #.# .
#####...## #.# #.# #.# #
#.....###.# #.# #.###..
#.....@KS.# #.#####......
##...####@# #.......(...# ##..#
#.# #.#####.##### ##.# #.# #.#
#.# #.# #.## #.# #.#### ..# #..#
#.# #....# #. ##.# #.# ####.# #.#
#.# #...# #.# #.# #.### #.# #.#
#.#


You could see an adder, Jessica and a kobold.

Vanquished Creatures
  Terence (D:2)
  A worker ant (D:2)
  2 adders (D:2)
  A dart slug (D:1)
  6 giant cockroaches (D:1)
  6 goblins
  3 hobgoblins (D:1)
  4 jackals (D:1)
  3 bats
  2 frilled lizards
  A kobold (D:2)
  9 rats
39 creatures vanquished.

Notes
Turn   | Place    | Note
-------+----------+-------------------------------------------
     0 | D:1      | Granthy the Demonspawn Fighter began the quest for the Orb.
     0 | D:1      | Reached XP level 1. HP: 18/18 MP: 1/1
   240 | D:1      | Gained mutation: You are immune to rotting. [demonic
                  | ancestry]
   240 | D:1      | Reached XP level 2. HP: 21/24 MP: 2/2
   646 | D:1      | Reached XP level 3. HP: 29/29 MP: 3/3
   856 | D:2      | Reached XP level 4. HP: 22/35 MP: 4/4
  1119 | D:2      | Noticed Terence
  1128 | D:2      | Killed Terence
  1174 | D:2      | Noticed Jessica
  1221 | D:2      | HP: 1/35 [poisoned by an adder]
  1221 | D:2      | Slain by an adder

Levels and vault maps discovered:
D:1:      onia_arrival_larder, layout_rooms, minmay_fountain_box
D:2:      layout_loops_ring, minivault_19, minmay_pentomino_p4, uniq_terence,
          uniq_jessica

Skill      XL: |  1  2  3 |
---------------+----------+-----
Armour         | 3 |  3.4
Polearms       | 2 |  2.7
Shields        | 3 |  3.2
Fighting       | |  3.4
Dodging        | |  0.7

Action                   |  1- 3 |  4- 6 || total
-------------------------+-------+-------++-------
Melee: Trident           |   111 |    57 ||   168
  Eat: Chunk             |       |     1 ||     1
Armor: Scale mail        |    36 |    30 ||    66
Dodge: Dodged            |    33 |    10 ||    43
Block: Shield            |    53 |    31 ||    84

Table legend:
 A = Non-vault XP
 B = Vault XP
 C = Vault XP percentage of total XP
 D = Non-vault monster count
 E = Vault monster count
 F = Vault count percentage of total count
                 A         B        C        D         E       F
            +---------+---------+-------+---------+---------+-------
      Total |     107 |      45 |  29.6 |      31 |       8 |  20.5
            +---------+---------+-------+---------+---------+-------
        D:1 |      37 |       9 |  19.6 |      20 |       7 |  25.9
        D:2 |      70 |      36 |  34.0 |      11 |       1 |   8.3
            +---------+---------+-------+---------+---------+-------
